 Dungeon Crawl Stone Soup version 0.28-a0-1387-g3a22ab9bdc (webtiles) character file.

Game seed: 4577309330667972701

1369 gimp the Magician (level 8, 0/50 HPs)
             Began as a Djinni Wanderer on Jan 2, 2022.
             Was a Follower of Okawaru.
             Slain by Grinder (6 damage)
             ... on level 5 of the Dungeon.
             The game lasted 00:17:04 (9606 turns).

gimp the Magician (Djinni Wanderer)                 Turns: 9606, Time: 00:17:04

Health: 0/50       AC:  5    Str: 13    XL:     8   Next: 97%
Gold:   213        EV: 13    Int: 14    God:    Okawaru [*.....] SH:  0 Dex: 13

rFire   + + .      SeeInvis .   a - +0 dagger (venom)
rCold   x . .      Faith    .   (no shield)
rNeg    + . .      Spirit   .   c - +2 leather armour
rPois   ∞          Reflect  .   (no helmet)
rElec   .          Harm     .   (no cloak)
rCorr   .          Rampage  .   (no gloves)
Will    .....                   (boots unavailable)
Stlth   +.........              (no amulet)
HPRegen 0.16/turn               p - ring of positive energy
MPRegen 0.00/turn               (no ring)

@: freezing walls, flying
A: sickness immunity, fire resistance 2, cold vulnerability 1, float, innate
caster, hp casting, extra vitality 1
a: Renounce Religion, Heroism


You were on level 5 of the Dungeon.
You worshipped Okawaru.
Okawaru was aware of your devotion.
You visited 2 branches of the dungeon, and saw 6 of its levels.

You collected 213 gold pieces.

Inventory:

Hand Weapons
 a - a +0 dagger of venom (weapon)
 b - a +0 flail
Missiles
 u - 8 poisoned darts
Armour
 c - a +2 leather armour (worn)
Jewellery
 p - a ring of positive energy (left hand)
Scrolls
 e - 2 scrolls of identify {unknown}
 f - a scroll of torment {unknown}
 h - a scroll of fear {unknown}
 i - a scroll of brand weapon {unknown}
 j - 2 scrolls of magic mapping {unknown}
 k - 4 scrolls of teleportation
 s - a scroll of noise {unknown}
Potions
 d - a potion of attraction {unknown}
 g - a potion of lignification
 l - 2 potions of brilliance {unknown}
 m - 4 potions of curing
 n - a potion of mutation {unknown}
 o - a potion of haste {unknown}
 q - a potion of resistance {unknown}
 r - a potion of magic {unknown}
 t - a potion of berserk rage {unknown}


   Skills:
 + Level 3.7 Maces & Flails
 - Level 1.5 Throwing
 - Level 5.0 Armour
 - Level 4.3 Dodging
 - Level 1.0 Stealth
 * Level 5.1 Spellcasting
 + Level 3.5 Invocations
 - Level 1.0 Evocations


You had 7 spell levels left.
You knew the following spells:

 Your Spells              Type           Power      Damage    Failure   Level
a - Call Canine Familiar  Summ           18%        N/A       8%          3
b - Summon Small Mammal   Summ           72%        N/A       2%          1
c - Pain                  Necr           72%        1d7       2%          1
d - Passwall              Tmut/Erth      15%        N/A       3%          2
e - Frozen Ramparts       Ice            36%        1d5       8%          3

Your spell library contained the following spells:

 Spells                   Type           Power      Damage    Failure   Level


Dungeon Overview and Level Annotations

Branches:
Dungeon (5/15)             Temple (1/1) D:4

Altars:
Ashenzari
Cheibriados
Dithmenos
Elyvilon
Fedhas
Gozag
Hepliaklqana
Kikubaaqudgha
Okawaru
Qazlal
Uskayaw
Vehumet
Wu Jian
Yredelemnul
Zin
The Shining One

Annotations:
D:3 1 runed translucent door
D:5 1 runed translucent door, Crazy Yiuf, Grinder


Innate Abilities, Weirdness & Mutations

You are immune to sickness and miasma.
You are immune to poison.
Your flesh is very heat resistant. (rF++)
You are vulnerable to cold. (rC-)
You float through the air rather than walking.
You learn spells naturally, not from books.
Your magical power is your life essence.
You have superior vitality. (+4 MHP)


Message History

Grinder completely misses you.
You closely miss Grinder.
Grinder is heavily wounded.
Grinder hits you but does no damage.
Casting: Frozen Ramparts (dangerous; 6% risk of failure)
Confirm with . or Enter, or press ? or * to list all spells.
Casting: Frozen Ramparts (dangerous; 6% risk of failure)
Press: ? - help, Dir - look around, f - activate The walls around you are covered in ice.
* * * LOW HITPOINT WARNING * * *
Grinder resists.
The wall freezes Grinder.
Grinder hits you but does no damage.
You take 3 damage, and have 8/75 hp.
You completely miss Grinder.
Grinder is heavily wounded.
Grinder completely resists.
The wall freezes Grinder but does no damage.
Grinder hits you but does no damage.
You closely miss Grinder.
Grinder is heavily wounded.
Grinder completely resists.
The wall freezes Grinder but does no damage.
Grinder barely misses you.
You completely miss Grinder.
Grinder is heavily wounded.
Grinder looks more healthy.
Grinder completely resists.
The wall freezes Grinder but does no damage.
Grinder hits you but does no damage.
You hit Grinder but do no damage.
Grinder is severely wounded.
Grinder completely resists.
The wall freezes Grinder but does no damage.
Grinder completely misses you.
You closely miss Grinder.
Grinder is severely wounded.
You feel less wooden.
Your +2 leather armour unmelds from your body.
Grinder completely resists.
The wall freezes Grinder but does no damage.
Grinder hits you.
You die...

###.......... ...##.#
#####.###... #.###. #.#
## #.# #.# #.# #.# # #.#
#.######.##.#
#######...........# #
#......#######.##.###.#.#
#.####.# #..@5).....#
...#
#.##########.###......
≈§.# #........5.).# #####
...# ############## .8.#
§..# ≈§.# ...# ####


You could see Grinder.

Vanquished Creatures
  A centaur zombie (D:5)
  A water moccasin (D:5)
  A sky beast (D:5)
  A kobold brigand (D:5)
  2 scorpions
  A water moccasin skeleton (D:5)
  A bullfrog zombie (D:5)
  2 hounds (D:5)
  A gnoll shaman (D:4)
  A jelly (D:5)
  A human skeleton (D:3)
  2 orc wizards
  7 adders
  2 gnolls (D:2)
  A howler monkey skeleton (D:5)
  An adder skeleton (D:4)
  3 worms
  2 dart slugs
  5 orcs
  4 bats
  4 endoplasms
  4 giant cockroaches (D:1)
  5 goblins
  5 hobgoblins
  3 jackals (D:4)
  4 quokkas
  7 ball pythons
  2 frilled lizards
  A goblin zombie (D:3)
  9 kobolds
  A kobold skeleton (D:3)
  A rat (D:1)
86 creatures vanquished.

Vanquished Creatures (collateral kills)
  An ogre (D:4)
  An iguana (D:4)
  An adder (D:3)
  8 gnolls
  5 orcs
  A goblin (D:3)
  A hobgoblin (D:3)
  A bat (D:3)
  A kobold (D:4)
20 creatures vanquished.

Vanquished Creatures (others)
  69 plants (D:5)
69 creatures vanquished.

Grand Total: 175 creatures vanquished

Notes
Turn   | Place    | Note
-------+----------+-------------------------------------------
     0 | D:1      | gimp the Djinni Wanderer began the quest for the Orb.
     0 | D:1      | Reached XP level 1. HP: 15/15 MP: 0/0
   272 | D:1      | Reached skill level 1 in Armour
   272 | D:1      | Reached XP level 2. HP: 5/21 MP: 0/0
   935 | D:1      | Reached XP level 3. HP: 21/25 MP: 0/0
   935 | D:1      | Learned a level 1 spell: Pain
  2123 | D:2      | Reached XP level 4. HP: 16/31 MP: 0/0
  2794 | D:2      | Found a faded altar of an unknown god.
  3512 | D:2      | Reached XP level 5. HP: 20/35 MP: 0/0
  3512 | D:2      | Learned a level 2 spell: Passwall
  3907 | D:3      | Found a runed translucent door.
  3907 | D:3      | Noticed a human
  3914 | D:3      | Found a basalt altar of Yredelemnul.
  3926 | D:3      | Noticed a nameless horror
  4088 | D:3      | Reached skill level 1 in Maces & Flails
  4930 | D:3      | Reached XP level 6. HP: 32/40 MP: 0/0
  5111 | D:3      | Found a stormy altar of Qazlal.
  5781 | D:4      | Found a shadowy altar of Dithmenos.
  6201 | D:4      | Noticed an ogre
  6231 | D:4      | Killed an ogre
  6232 | D:4      | Reached XP level 7. HP: 39/45 MP: 0/0
  6232 | D:4      | Learned a level 3 spell: Frozen Ramparts
  6570 | D:4      | Reached skill level 5 in Armour
  6619 | D:4      | Found a staircase to the Ecumenical Temple.
  6712 | Temple   | Entered the Ecumenical Temple
  6944 | Temple   | Became a worshipper of Warmaster Okawaru
  7370 | D:5      | Entered Level 5 of the Dungeon
  7405 | D:5      | Reached skill level 1 in Invocations
  8504 | D:5      | Reached XP level 8. HP: 27/50 MP: 0/0
  8759 | D:5      | Reached * piety under Okawaru
  9057 | D:5      | Reached skill level 5 in Spellcasting
  9273 | D:5      | Found a runed translucent door.
  9274 | D:5      | Noticed Crazy Yiuf
  9471 | D:5      | Found a blossoming altar of Fedhas.
  9536 | D:5      | Noticed Grinder
  9572 | D:5      | Paralysed by Grinder for 7 turns
  9580 | D:5      | Paralysed by Grinder for 7 turns
  9606 | D:5      | Slain by Grinder

Illustrated notes

Levels and vault maps discovered:
D:1:      onia_arrival_pentagram, layout_basic, glass_columns_a
D:2:      layout_basic, hellmonk_ecumenical_altar_arch_garden, serial_glass,
          glass_columns_a, glass_columns_a
D:3:      layout_loops_cross, kiku_gazebo_garden_becter, dk_yredelemnul_ordeal,
          lemuel_doored_altar, grunt_ministairs_2
D:4:      layout_basic, grunt_dithmenos_smoke_and_mirrors,
          minmay_temple_entry_stoned_glass
D:5:      kennysheep_kobold_camp, layout_loops_ring,
          mainiacjoe_overflow_catwalk, uniq_grinder, uniq_crazy_yiuf_cottage
Temple:   minmay_temple_curvy_loop

Skill      XL: |  1  2  3  4  5  6  7  8 |
---------------+-------------------------+-----
Armour         | 1 2 3 4 5 |  5.0
Spellcasting   | 2 3 4 5 |  5.1
Maces & Flails | 1 2 3 |  3.7
Invocations    | 2 3 |  3.5
Throwing       | |  1.5
Dodging        | |  4.3
Stealth        | |  1.0
Evocations     | |  1.0

Action                   |  1- 3 |  4- 6 |  7- 9 || total
-------------------------+-------+-------+-------++-------
Melee: Dagger            |   203 |   258 |   155 ||   616
       Flail             |       |       |    45 ||    45
 Cast: Call Canine Famil |     1 |    21 |     2 ||    24
       Summon Small Mamm |     1 |       |       ||     1
       Frozen Ramparts   |       |       |    12 ||    12
  Use: Potion            |       |       |     2 ||     2
 Stab: Sleeping          |     2 |     1 |       ||     3
       Distracted        |       |     1 |       ||     1
Armor: Leather armour    |    76 |    94 |    76 ||   246
       Skin              |       |       |    17 ||    17
Dodge: Dodged            |   139 |   212 |   173 ||   524

Table legend: (Time is in decaauts)
 A = Elapsed time spent in this place.
 B = Non-inter-level travel time spent in this place.
 C = Inter-level travel time spent in this place.
 D = Time resting spent in this place.
 E = Time spent auto-exploring this place.
 F = Levels seen in this place.
 G = Mean time per level.
                   A        B        C        D        E       F      G
               +--------+--------+--------+--------+--------+-----+--------+
         Total |   9624 |   9361 |    263 |   1913 |   5769 |   6 | 1604.0 |
       Dungeon |   9380 |   9163 |    217 |   1913 |   5586 |   5 | 1876.0 |
        Temple |    243 |    197 |     46 |      0 |    183 |   1 |  243.0 |
               +--------+--------+--------+--------+--------+-----+--------+

Top non-repeatable levels by time:
     D:4: 3130 daAuts
     D:1: 1896 daAuts
     D:2: 1887 daAuts
     D:3: 1430 daAuts
     D:5: 1035 daAuts
  Temple: 243 daAuts
